Map: Jagannatha LE

Players

Jason - Winner!

  • Race: Terran Terran
  • League: Grandmaster
  • Spawn Location: 1:00

PattyMac

  • Race: Protoss Protoss
  • League: Grandmaster
  • Spawn Location: 7:00

VOD

Have the link to the VOD?

Description

Time

  • Played on: Jan. 5, 2021, 4:44 p.m.
  • Length: 18:15
Show
View Real Time Build Order
Export as new Build Order

Jason Terran - Winner!

Build Orders: Reaper Expand 

Get SALT Encoding   

  12  0:00  SCV  
  13  0:12  SCV  
  14  0:17  Supply Depot  
  14  0:24  SCV  
  15  0:39  SCV  
  15  0:40  Barracks  
  16  0:45  Refinery  
  16  0:51  SCV  
  17  1:03  SCV  
  18  1:15  SCV  
  19  1:28  Orbital Command, Reaper  
  20  1:45  Command Center  
  20  1:53  Supply Depot  
  20  1:57  SCV  
  20  2:00  Marine  
  22  2:10  SCV  
  22  2:13  Factory  
  23  2:19  Marine  
  23  2:22  SCV  
  25  2:25  Refinery  
  25  2:31  Bunker  
  25  2:34  SCV  
  26  2:37  Barracks Reactor  
  26  2:46  SCV  
  27  2:57  Orbital Command  
  27  2:59  SCV, Starport  
  27  3:03  Widow Mine  
  30  3:14  Marine x2  
  31  3:20  SCV  
  31  3:26  Widow Mine  
  34  3:27  SCV  
  34  3:32  SCV  
  34  3:34  Supply Depot, Marine x2  
  36  3:37  Medivac  
  36  3:40  SCV  
  41  3:44  SCV  
  42  3:50  Widow Mine  
  42  3:52  SCV  
  42  3:54  Marine  
  42  3:55  Marine  
  47  3:56  SCV  
  48  4:04  SCV  
  48  4:09  Command Center  
  49  4:13  Starport Tech Lab, Factory Tech Lab  
  49  4:16  SCV  
  50  4:21  SCV  
  50  4:23  Supply Depot  
  53  4:28  SCV  
  52  4:33  SCV  
  52  4:35  Raven  
  55  4:38  Siege Tank  
  55  4:40  SCV  
  55  4:43  Marine  
  55  4:45  SCV  
  61  4:59  SCV x2  
  61  5:02  Refinery, Marine x2  
  61  5:03  Refinery, Barracks  
  61  5:05  Barracks  
  56  5:11  Siege Tank  
  56  5:12  Engineering Bay  
  56  5:13  SCV x2, Engineering Bay  
  61  5:20  Marine x2  
  63  5:22  Orbital Command  
  63  5:25  SCV x2  
  65  5:37  SCV, Starport Reactor  
  65  5:38  SCV  
  65  5:39  Marine x2  
  65  5:42  Terran Infantry Armor Level 1, Terran Infantry Weapons Level 1  
  69  5:49  SCV  
  70  5:50  SCV  
  70  5:51  Orbital Command  
  71  5:59  Stimpack, Marauder  
  71  6:02  SCV x2, Factory Reactor, Marine  
  76  6:05  Supply Depot  
  76  6:06  Supply Depot, Marine x2  
  78  6:14  SCV x2  
  80  6:19  SCV  
  80  6:20  Marine  
  80  6:24  Medivac x2  
  83  6:26  SCV x2  
  83  6:27  Marine, Marauder  
  83  6:31  SCV  
  89  6:33  Barracks  
  89  6:34  Barracks  
  89  6:38  SCV x2, Marine  
  89  6:39  Widow Mine x2  
  96  6:41  Supply Depot  
  96  6:43  SCV  
  97  6:48  Marine  
  97  6:50  SCV x2  
  100  6:55  SCV  
  100  6:56  Combat Shield  
  101  7:02  Medivac  
  101  7:03  SCV x2, Supply Depot, Marauder x2  
  101  7:04  Supply Depot  
  101  7:06  Supply Depot  
  109  7:10  Supply Depot  
  109  7:22  Barracks Tech Lab  
  109  7:23  Missile Turret x2, Barracks Tech Lab  
  109  7:24  Missile Turret  
  109  7:25  SCV x3, Medivac, Marine x2, Marauder  
  109  7:26  Widow Mine x2, Marauder  
  109  7:27  Supply Depot  
  124  7:30  Supply Depot  
  124  7:32  Refinery x2  
  124  7:37  SCV x2  
  124  7:38  SCV  
  124  7:42  Concussive Shells  
  124  7:43  Marine, Marauder  
  130  7:47  Marauder  
  130  7:49  SCV x2, Marine  
  130  7:50  Marine, Marauder  
  130  7:51  Widow Mine x2, Medivac  
  142  7:55  Medivac  
  145  7:58  Supply Depot  
  145  8:12  Marine x4, Marauder  
  153  8:13  Widow Mine x2, Marauder  
  142  8:29  Marine x2  
  142  8:30  Marauder x2  
  146  8:35  Widow Mine x2  
  145  8:42  Viking x2  
  145  8:43  SCV x3  
  145  8:44  Marine  
  145  8:45  Marine, Command Center  
  145  8:47  Marine x2  
  155  8:49  Armory  
  155  8:52  Marauder  
  155  8:55  SCV  
  158  8:56  Widow Mine x2  
  158  8:58  SCV x2  
  158  9:00  Marine  
  165  9:07  Supply Depot  
  165  9:08  Supply Depot  
  165  9:19  Starport  
  165  9:24  Ghost Academy, Sensor Tower  
  165  9:28  Marine x4  
  165  9:29  Widow Mine, Viking x2, Marauder x2  
  175  9:47  Marine x3  
  175  9:48  Marauder  
  180  9:56  Marauder  
  180  9:57  Marauder  
  180  9:58  Barracks  
  180  9:59  Barracks  
  180  10:01  Sensor Tower  
  180  10:02  Barracks  
  180  10:06  Marauder  
  180  10:07  Viking x2  
  179  10:08  Enhanced Shockwaves, Terran Infantry Weapons Level 2  
  179  10:09  Marauder  
  179  10:10  Factory Reactor  
  179  10:13  Terran Infantry Armor Level 2  
  181  10:18  Marauder  
  179  10:21  Marine  
  179  10:22  Marine, Marauder  
  179  10:27  Marine  
  184  10:29  Planetary Fortress  
  184  10:31  Marauder  
  186  10:39  Marine x2  
  188  10:43  Marauder  
  188  10:46  Marine  
  172  11:02  Viking  
  112  11:16  Marine  
  112  11:18  Marine x4, Marauder  
  98  11:19  Marine, Marauder  
  98  11:21  Marine, Viking  
  98  11:24  Widow Mine x2  
  100  11:32  Viking x3  
  106  11:34  Marine  
  106  11:36  SCV x2, Marine x4  
  106  11:37  SCV, Marauder  
  106  11:39  Marine x2  
  118  11:48  SCV  
  118  11:49  Terran Ship Weapons Level 1  
  121  11:55  Command Center, Sensor Tower  
  121  11:56  SCV  
  121  11:57  SCV  
  121  12:00  Missile Turret  
  127  12:11  Widow Mine x2  
  133  12:17  Viking  
  133  12:20  Viking  
  133  12:22  Medivac, Unknown  
  141  12:25  Medivac  
  141  12:26  Unknown x2  
  143  12:34  Terran Infantry Weapons Level 3  
  143  12:39  Terran Infantry Armor Level 3  
  143  12:41  Unknown  
  145  12:47  Marine  
  145  12:48  Marine  
  145  12:51  Unknown  
  149  12:53  Marine, Marauder x2  
  154  12:59  Missile Turret  
  154  13:00  SCV x3  
  157  13:07  Barracks Tech Lab x2  
  157  13:10  Planetary Fortress  
  157  13:11  Unknown  
  157  13:13  SCV x3  
  157  13:14  Refinery x2  
  157  13:15  Unknown  
  157  13:16  Marine x2, Marauder  
  157  13:17  Marauder  
  170  13:20  Marauder x2  
  170  13:21  Marine  
  170  13:25  Viking x2  
  175  13:28  Viking  
  175  13:33  Viking  
  175  13:34  Marine x3  
  179  13:35  Marauder  
  179  13:37  Marine x2  
  186  13:42  Marine x2  
  186  13:43  Marauder  
  186  13:45  Missile Turret  
  186  13:47  Missile Turret  
  190  13:50  Command Center  
  190  13:52  Missile Turret  
  190  13:54  Terran Ship Weapons Level 2  
  190  13:58  Marine x4, Marauder  
  190  14:00  Marine  
  176  14:19  Marine x4  
  176  14:20  Marine, Marauder x4  
  176  14:21  Medivac x3  
  176  14:24  Medivac  
  197  14:33  Command Center  
  197  14:37  Marine  
  194  14:38  Marine x3  
  194  14:39  Marauder  
  170  15:19  Marine x2  
  170  15:20  Marine x3, Marauder x2  
  170  15:21  Marine, Marauder  
  152  15:25  SCV x2  
  148  15:36  SCV x2  
  148  15:37  Marine x2  
  148  15:38  Marine x2, Marauder  
  148  15:39  Marauder  
  148  15:41  Marine, Marauder  
  163  15:43  Marauder  
  163  15:46  SCV  
  163  15:47  SCV  
  163  15:48  SCV x2  
  167  15:55  Marine x3  
  172  15:58  SCV  
  172  16:02  Marine  
  180  16:07  Marauder  
  182  16:13  Marine  
  182  16:14  Missile Turret  
  182  16:15  Sensor Tower  
  176  16:23  Viking x2  
  176  16:24  SCV  
  176  16:25  Unknown  
  185  16:28  Unknown x3  
  174  16:35  Marine x3  
  174  16:36  Marauder x2  
  181  16:45  SCV x2, Marine  
  181  16:47  SCV  
  185  16:49  Marine x2, Unknown  
  185  16:53  Unknown  
  181  16:56  Marine x2, Marauder  
  181  16:59  Widow Mine x2  
  152  17:35  Marine  
  152  17:36  Marine  
  141  17:44  Marine x2  
  141  17:45  Marine, Marauder x2  
  141  18:00  Command Center  
Show
View Real Time Build Order
Export as new Build Order

PattyMac Protoss 

Build Orders: 1 Gate Expand, Blink Stalkers, Zealot Archon 

Get SALT Encoding   

  12  0:00  Probe  
  13  0:12  Probe  
  14  0:20  Pylon  
  14  0:24  Probe  
  15  0:38  Probe (Chrono Boost)  
  15  0:39  Gateway  
  16  0:47  Probe (Chrono Boost)  
  16  0:48  Assimilator  
  17  0:53  Probe  
  18  1:05  Probe  
  19  1:17  Probe  
  20  1:27  Cybernetics Core  
  20  1:34  Nexus  
  20  1:37  Probe  
  20  1:43  Pylon  
  20  1:49  Probe  
  20  1:51  Assimilator  
  21  2:01  Adept (Chrono Boost)  
  21  2:02  Probe  
  21  2:08  Shield Battery  
  24  2:12  Warp Gate  
  24  2:15  Probe  
  25  2:21  Adept (Chrono Boost)  
  25  2:27  Probe  
  28  2:39  Probe  
  28  2:43  Stalker  
  31  2:51  Probe (Chrono Boost)  
  33  2:54  Probe (Chrono Boost)  
  31  3:01  Twilight Council  
  31  3:03  Robotics Facility, Probe (Chrono Boost)  
  32  3:08  Probe x2 (Chrono Boost)  
  34  3:17  Probe  
  34  3:18  Probe  
  34  3:29  Probe  
  34  3:30  Probe  
  36  3:38  Nexus  
  36  3:41  Probe  
  36  3:42  Blink (Chrono Boost)  
  36  3:47  Probe  
  38  3:51  Observer (Chrono Boost)  
  38  3:54  Pylon  
  39  3:55  Probe  
  39  3:59  Probe  
  39  4:00  Stalker  
  43  4:05  Assimilator  
  43  4:06  Observer (Chrono Boost)  
  43  4:08  Probe  
  45  4:12  Gateway  
  45  4:13  Probe  
  46  4:20  Probe  
  46  4:24  Stalker  
  46  4:25  Probe  
  46  4:27  Gateway  
  46  4:29  Observer (Chrono Boost)  
  50  4:32  Probe  
  50  4:37  Probe, Assimilator  
  52  4:39  Pylon  
  52  4:44  Probe  
  52  4:49  Stalker  
  52  4:50  Probe  
  55  4:56  Probe (Chrono Boost)  
  48  5:07  Probe (Chrono Boost)  
  48  5:08  Probe (Chrono Boost)  
  48  5:15  Probe (Chrono Boost), Robotics Bay  
  48  5:16  Probe (Chrono Boost)  
  48  5:17  Forge  
  48  5:20  Pylon  
  50  5:26  Probe (Chrono Boost)  
  50  5:27  Probe (Chrono Boost)  
  52  5:28  Probe (Chrono Boost)  
  52  5:33  Forge  
  52  5:34  Probe x2 (Chrono Boost)  
  55  5:36  Sentry  
  55  5:37  Probe (Chrono Boost)  
  55  5:39  Probe (Chrono Boost)  
  55  5:40  Probe  
  59  5:43  Charge  
  59  5:47  Probe (Chrono Boost)  
  60  5:51  Probe (Chrono Boost)  
  62  5:57  Pylon  
  62  5:58  Protoss Ground Armor Level 1 (Chrono Boost), Probe (Chrono Boost)  
  62  5:59  Probe (Chrono Boost)  
  62  6:03  Colossus  
  69  6:05  Probe (Chrono Boost)  
  69  6:06  Probe (Chrono Boost)  
  69  6:08  Probe (Chrono Boost), Protoss Ground Weapons Level 1 (Chrono Boost)  
  72  6:12  Probe  
  72  6:15  Probe  
  75  6:18  Probe  
  75  6:25  Probe  
  75  6:27  Probe  
  75  6:30  Probe, Extended Thermal Lance  
  78  6:33  Gateway  
  78  6:34  Gateway  
  78  6:38  Probe  
  78  6:39  Phoenix  
  79  6:41  Probe  
  79  6:43  Assimilator  
  79  6:44  Assimilator  
  79  6:47  Gateway  
  80  6:49  Gateway  
  80  6:51  Pylon  
  80  6:52  Pylon  
  82  6:56  Gateway, Templar Archives  
  82  6:57  Colossus (Chrono Boost)  
  86  7:03  Probe x2  
  86  7:06  Probe  
  89  7:09  Zealot  
  89  7:10  Zealot  
  89  7:12  Zealot  
  95  7:15  Probe  
  95  7:18  Pylon  
  95  7:19  Pylon, Probe  
  97  7:30  Gateway  
  97  7:32  Gateway, Zealot  
  97  7:33  High Templar x2  
  103  7:38  Archon  
  103  7:42  High Templar  
  103  7:43  Colossus (Chrono Boost)  
  103  7:44  Zealot x3  
  113  7:53  Stalker x2  
  115  8:11  Zealot x4  
  123  8:13  Stalker  
  119  8:26  Colossus (Chrono Boost)  
  103  8:27  Zealot x4  
  103  8:32  Protoss Ground Armor Level 2 (Chrono Boost), Protoss Ground Weapons Level 2 (Chrono Boost)  
  117  8:38  Observer  
  117  8:40  Pylon  
  109  8:44  Pylon  
  109  8:46  Pylon  
  109  8:49  Gateway  
  109  8:53  Gateway  
  109  8:56  Gateway  
  109  8:58  Probe x2  
  109  8:59  Pylon  
  109  9:01  Pylon  
  111  9:04  Gateway, Zealot  
  111  9:07  High Templar  
  111  9:08  High Templar x3, Pylon  
  121  9:11  Warp Prism (Chrono Boost)  
  121  9:12  Archon  
  121  9:13  High Templar, Archon  
  125  9:19  Nexus  
  125  9:22  Stalker  
  125  9:23  Archon  
  127  9:27  Photon Cannon  
  127  9:28  Shield Battery  
  127  9:30  Stalker  
  127  9:39  Photon Cannon  
  127  9:42  Stalker x2  
  124  9:50  Photon Cannon, Probe  
  121  9:53  Probe x2  
  123  10:02  Probe  
  123  10:04  Disruptor (Chrono Boost)  
  123  10:05  Probe x2  
  126  10:11  High Templar x2  
  126  10:12  Robotics Facility  
  131  10:14  Stalker  
  131  10:15  Archon  
  131  10:19  Probe  
  128  10:21  Probe x2  
  128  10:25  Pylon  
  128  10:28  High Templar x2  
  132  10:29  Zealot  
  132  10:33  Stalker, Archon  
  134  10:51  Stalker x4  
  134  10:52  Sentry x2  
  120  11:08  Zealot x5  
  113  11:15  Protoss Ground Weapons Level 3 (Chrono Boost)  
  93  11:21  Colossus (Chrono Boost)  
  93  11:26  Probe x2 (Chrono Boost)  
  93  11:29  Probe x2 (Chrono Boost)  
  103  11:35  Assimilator  
  103  11:38  Probe x2 (Chrono Boost)  
  103  11:39  Colossus (Chrono Boost), Assimilator, Zealot x3  
  112  11:42  Protoss Ground Armor Level 3 (Chrono Boost), Probe (Chrono Boost)  
  112  11:49  Probe  
  112  11:50  Probe  
  112  11:53  Photon Cannon  
  114  11:54  Shield Battery  
  114  11:58  Disruptor (Chrono Boost)  
  117  12:03  Observer  
  117  12:04  Observer  
  117  12:07  Dark Shrine  
  117  12:08  Pylon  
  117  12:17  Disruptor (Chrono Boost)  
  121  12:31  Disruptor (Chrono Boost)  
  121  12:32  Nexus  
  121  12:33  Stalker x4  
  121  12:36  Probe  
  130  12:37  Pylon  
  130  12:40  Pylon  
  130  12:48  Disruptor (Chrono Boost), Probe x3  
  136  12:58  High Templar x2  
  136  12:59  Pylon  
  136  13:03  Disruptor (Chrono Boost), Archon  
  143  13:05  Probe  
  143  13:06  Probe x3  
  143  13:09  High Templar x2  
  143  13:11  Zealot x2  
  155  13:12  Observer  
  155  13:16  Warp Prism (Chrono Boost)  
  155  13:17  Probe  
  155  13:18  Archon  
  158  13:20  Dark Templar  
  158  13:25  Dark Templar  
  162  13:37  Shadow Stride  
  159  13:42  Stalker x5  
  170  13:49  Disruptor (Chrono Boost)  
  170  13:50  Disruptor (Chrono Boost)  
  170  13:55  Zealot x3  
  179  13:59  Probe x3  
  179  14:00  Probe  
  181  14:16  Colossus x2 (Chrono Boost)  
  175  14:29  Zealot x8  
  189  14:46  Dark Templar x2  
  191  15:02  Disruptor  
  137  15:19  Disruptor (Chrono Boost)  
  134  15:22  Stalker x2  
  134  15:23  Stalker x9  
  152  15:38  Disruptor (Chrono Boost)  
  155  15:43  Observer  
  155  15:46  Assimilator  
  155  15:48  Assimilator  
  155  15:49  Photon Cannon, Dark Templar x3  
  157  15:51  Disruptor (Chrono Boost), Photon Cannon  
  157  15:53  Shield Battery, Zealot x7  
  157  15:54  Protoss Shields Level 1 (Chrono Boost), Zealot  
  176  16:03  Disruptor (Chrono Boost)  
  179  16:13  Disruptor (Chrono Boost)  
  179  16:20  Dark Templar x3  
  179  16:21  Dark Templar  
  170  16:35  Stalker x2  
  170  16:37  Zealot x5  
  170  16:39  Disruptor (Chrono Boost)  
  175  16:46  Disruptor (Chrono Boost)  
  176  17:08  Disruptor  
  179  17:10  Zealot x8  
  157  17:29  Stalker x3  
  131  17:40  Zealot  
  131  17:41  Zealot x6  
  113  17:46  Zealot  
  97  17:52  Zealot x3  
  89  18:02  Zealot x5  
  89  18:03  Zealot x2  
Tags
 
Add a new tag
Caveats
  • Supply blocks, unpowered buildings, or Contaminate may cause inaccurate times.
  • Supply counts are checked every 10 seconds.